 Dungeon Sprint DCSS version 0.19.1 (webtiles) character file.

1731 dvd the Basher (level 8, 0/93 HPs)
             Began as a Troll Berserker on Dec 15, 2016.
             Was an Elder of Trog.
             Slain by a demonic crawler (13 damage)
             ... in the Dungeon (Sprint I: "Red Sonja").
             The game lasted 00:04:30 (655 turns).

dvd the Basher (Troll Berserker)                     Turns: 655, Time: 00:04:30

Health: 0/93       AC:  8    Str: 27    XL:     8   Next: 76%
Magic:  7/7        EV: 13    Int:  3    God:    Trog [****..]
Gold:   2          SH:  0    Dex: 10    Spells: 0 memorised, 7 levels left

rFire  . . .     SeeInvis .     a - +0 mace
rCold  . . .     Gourm    +     k - +0 robe {MR+}
rNeg   . . .     Faith    .     (no shield)
rPois  +         Spirit   .     (helmet restricted)
rElec  .         Reflect  .     j - +2 cloak {rPois}
rCorr  .         Harm     .     (gloves unavailable)
MR     +....     NoTele   +     (boots unavailable)
Stlth  ++........               (no amulet)
                                (no ring)
                                (no ring)

@: exhausted, slowed, very slow
A: unfitting armour, claws 3, fast metabolism 3, gourmand, regeneration 1,
shaggy fur 1, tough skin 2, MP-powered wands
a: Berserk, Trog's Hand, Brothers in Arms, Burn Spellbooks, Renounce Religion


You were in the Dungeon.
You worshipped Trog.
Trog was greatly pleased with you.
You were very hungry.

You visited 1 branch You collected 431 gold pieces.
You spent 429 gold pieces at shops.

Inventory:

Hand Weapons
 a - a +0 mace (weapon)
Armour
 j - a +2 cloak of poison resistance (worn)
 k - a +0 robe of magic resistance (worn)
Potions
 d - a potion of curing
 e - a potion of heal wounds
 g - 2 potions of magic
 h - a potion of berserk rage


   Skills:
 + Level 9.6 Fighting
 + Level 11.6 Maces & Flails
 + Level 9.0 Dodging
 + Level 1.8 Stealth


You had 7 spell levels left.
You didn't know any spells.

Dungeon Overview and Level Annotations

Branches:
Dungeon (1/1)

Altars:
Cheibriados
Dithmenos
Elyvilon
Fedhas
Gozag
Hepliaklqana
Kikubaaqudgha
Makhleb
Nemelex Xobeh
Okawaru
Qazlal
Ru
Sif Muna
Trog
Uskayaw
Vehumet
Xom
Yredelemnul
Zin
The Shining One
Jiyva
Lugonu

Shops:
D [


Innate Abilities, Weirdness & Mutations

You are too large for most types of armour.
You have claws for hands.
Your metabolism is lightning-fast.
You like to eat raw meat.
Your natural rate of healing is unusually fast.
You are covered in fur. (AC +1)
You have very tough skin. (AC +2)
You expend magic power (3 MP) to strengthen your wands.


Message History

The demonic crawler barely misses you.
You closely miss the demonic crawler.
The demonic crawler is severely wounded.
The demonic crawler barely misses you. The demonic crawler closely misses you.
The demonic crawler hits you but does no damage.
You sock the demonic crawler!
The demonic crawler is almost dead.
You are no longer berserk.
You are exhausted.
You feel yourself slow down.
Unknown command.
Your ogre goes berserk!
You are feeling very hungry.
The demonic crawler barely misses you. The demonic crawler hits you!
* * * LOW HITPOINT WARNING * * *
The demonic crawler closely misses you. x2
The demonic crawler hits you but does no damage.
The demonic crawler barely misses you. The demonic crawler barely misses you.
The demonic crawler hits you!
You die...

##########################
#<.#..').#..'..#__#s.)...#
#..').#..').#..)..'s.#..§#
#..#####'#####'#__####..s's.#
#..####..#...#s#### #####..+
#..#__####..##@# +##
#..#_____##'#.O+
#⌠⌠#_.∩...'..._#
####_..__##_.#'#
#_____###+#(# ####### ###


You could see a demonic crawler and a friendly ogre (berserk).

Vanquished Creatures
  2 kobold demonologists (D)
  2 demonic crawlers (D)
  A slime creature (D)
  Sigmund (D)
  A yak (D)
  A floating eye (D)
  An ogre (D)
  A jelly (D)
  Ijyb (D)
11 creatures vanquished.

Notes
Turn   | Place    | Note
-------+----------+-------------------------------------------
     0 | D        | dvd the Troll Berserker began the quest for the Orb.
     0 | D        | Reached XP level 1. HP: 22/22 MP: 0/0
     1 | D        | Noticed Ijyb
    17 | D        | Killed Ijyb
    17 | D        | Reached skill level 4 in Maces & Flails
    17 | D        | Reached XP level 2. HP: 23/31 MP: 1/1
    45 | D        | Noticed an ogre
    49 | D        | Killed an ogre
    49 | D        | Reached skill level 5 in Maces & Flails
    49 | D        | Reached XP level 3. HP: 41/41 MP: 2/2
    49 | D        | Reached XP level 4. HP: 49/49 MP: 3/3
    98 | D        | Noticed Sigmund
   106 | D        | Killed Sigmund
   106 | D        | Reached ** piety under Trog
   106 | D        | Reached skill level 7 in Maces & Flails
   106 | D        | Reached XP level 5. HP: 59/59 MP: 4/4
   106 | D        | Reached XP level 6. HP: 67/67 MP: 5/5
   163 | D        | Found a deep blue altar of Sif Muna.
   165 | D        | Found a radiant altar of Vehumet.
   191 | D        | Found Kufoichu's Antique Armour Emporium.
   191 | D        | Found an ancient bone altar of Kikubaaqudgha.
   191 | D        | Found a hazy altar of Hepliaklqana.
   191 | D        | Found a hide-covered altar of Uskayaw.
   191 | D        | Found a basalt altar of Yredelemnul.
   191 | D        | Found an opulent altar of Gozag.
   191 | D        | Found a snail-covered altar of Cheibriados.
   191 | D        | Found a sacrificial altar of Ru.
   191 | D        | Found a shadowy altar of Dithmenos.
   191 | D        | Noticed a yak
   192 | D        | Found a stormy altar of Qazlal.
   192 | D        | Found a blossoming altar of Fedhas.
   192 | D        | Found a bloodstained altar of Trog.
   192 | D        | Found an iron altar of Okawaru.
   192 | D        | Found a glowing golden altar of the Shining One.
   192 | D        | Found a glowing silver altar of Zin.
   192 | D        | Found a white marble altar of Elyvilon.
   204 | D        | Killed a yak
   204 | D        | Reached skill level 8 in Maces & Flails
   205 | D        | Found a sparkling altar of Nemelex Xobeh.
   209 | D        | Bought an embroidered cloak for 262 gold pieces
   240 | D        | Found a viscous altar of Jiyva.
   240 | D        | Found a corrupted altar of Lugonu.
   240 | D        | Noticed a slime creature
   241 | D        | Found a burning altar of Makhleb.
   241 | D        | Found a shimmering altar of Xom.
   251 | D        | Killed a slime creature
   251 | D        | Reached skill level 9 in Maces & Flails
   251 | D        | Reached XP level 7. HP: 42/79 MP: 6/6
   324 | D        | Bought a glowing robe for 167 gold pieces
   351 | D        | Noticed a kobold demonologist
   353 | D        | Noticed a kobold demonologist
   354 | D        | Noticed a neqoxec
   355 | D        | Noticed a ynoxinul
   361 | D        | Gained mutation: You expend magic power (3 MP) to strengthen your wands. [a neqoxec]
   363 | D        | Paralysed by a floating eye for 2 turns
   366 | D        | Killed a kobold demonologist
   366 | D        | Reached *** piety under Trog
   366 | D        | Reached skill level 10 in Maces & Flails
   366 | D        | Reached skill level 1 in Stealth
   378 | D        | Paralysed by a floating eye for 4 turns
   384 | D        | Noticed a smoke demon
   385 | D        | Noticed a smoke demon
   393 | D        | Noticed a sixfirhy
   400 | D        | Killed a kobold demonologist
   400 | D        | Reached **** piety under Trog
   400 | D        | Reached XP level 8. HP: 35/92 MP: 7/7
   509 | D        | Noticed a demonic crawler
   509 | D        | Noticed a demonic crawler
   509 | D        | Noticed a demonic crawler
   509 | D        | Noticed a demonic crawler
   527 | D        | Killed a demonic crawler
   527 | D        | Reached skill level 11 in Maces & Flails
   642 | D        | Killed a demonic crawler
   655 | D        | Slain by a demonic crawler

Skill      XL: |  1  2  3  4  5  6  7  8 |
---------------+-------------------------+-----
Fighting       | 3 4 6 7 9 |  9.6
Maces & Flails | 4 5 7 9 10 11 | 11.6
Dodging        | 3 4 6 7 8 9 |  9.0
Stealth        | 1 |  1.8

Action                   |  1- 3 |  4- 6 |  7- 9 || total
-------------------------+-------+-------+-------++-------
Melee: Mace              |    17 |    29 |    64 ||   110
Invok: Berserk           |     2 |     2 |     3 ||     7
       Trog's Hand       |       |       |     1 ||     1
       Brothers in Arms  |       |       |     1 ||     1
  Use: Potion            |       |       |     1 ||     1
       Scroll            |       |       |     1 ||     1
 Stab: Sleeping          |       |     2 |       ||     2
  Eat: Chunk             |       |     1 |       ||     1
       Bread ration      |       |     1 |     1 ||     2
Armor: Animal skin       |     4 |     1 |       ||     5
       Robe              |       |       |    29 ||    29
Dodge: Dodged            |     6 |    15 |    64 ||    85
